SL
WIZARDING EXPRESS @ TOLEDO STINGERS
07/29/2031
 
TOP OF THE 1ST
Wizarding Express batting - Pitching for Toledo Stingers : RHP Rafael Rodríguez
Pitching: RHP Rafael Rodríguez
Batting: RHB António Martínez 0-0: Ball
1-0: Ball
2-0: Ball
3-0: Base on Balls
Batting: LHB David Holbrook 0-0: Ball
António Martínez steals 2nd base
1-0: Ball
2-0: Ball
3-0: Foul Ball, location: 2F
3-1: Base on Balls
Batting: LHB José Corona 0-0: Called Strike
0-1: Fly out, F8 (Flyball, 8LD)
Batting: LHB Nathan Tanner 0-0: Ball
1-0: Fly out, F7 (Flyball, 7LDF)
Batting: SHB Salvador Trevino 0-0: Ball
1-0: Ball
2-0: Foul Ball, location: 2F
2-1: Ball
3-1: SINGLE (Line Drive, 4MD)
António Martínez to third
David Holbrook to second
Runner from 3rd tries for Home, throw and OUT!
Top of the 1st over - 0 runs, 1 hit, 0 errors, 2 left on base; Wizarding 0 - Toledo 0
BOTTOM OF THE 1ST
Toledo Stingers batting - Pitching for Wizarding Express : RHP Ralph McKinney
Pitching: RHP Ralph McKinney
Batting: SHB Eugene Clutch 0-0: Ball
1-0: Swinging Strike
1-1: Foul Ball, location: 2F
1-2: Strikes out swinging
Batting: RHB Héctor Rivera 0-0: Ball
1-0: Foul Ball, location: 2F
1-1: Foul Ball, location: 2F
1-2: SINGLE (Line Drive, 8LS)
Batting: RHB Armando Alvarado 0-0: Called Strike
0-1: Ball
1-1: Foul Ball, location: 2F
1-2: Strikes out swinging
Batting: RHB Alfredo Martínez 0-0: TRIPLE (Flyball, 8LXD)
Héctor Rivera scores
Batting: LHB Tural Bishara 0-0: Ground out 6-3 (Groundball, 56D)
Bottom of the 1st over - 1 run, 2 hits, 0 errors, 1 left on base; Wizarding 0 - Toledo 1
TOP OF THE 2ND
Wizarding Express batting - Pitching for Toledo Stingers : RHP Rafael Rodríguez
Batting: RHB Ralph Cranford 0-0: Called Strike
0-1: Swinging Strike
0-2: Ball
1-2: Foul Ball, location: 2F
1-2: Strikes out looking
Batting: LHB António Boccanegra 0-0: Ball
1-0: Called Strike
1-1: Ground out 6-3 (Groundball, 6)
Batting: RHB Frank Grimes 0-0: Ball
1-0: Ball
2-0: Foul Ball, location: 2F
2-1: Foul Ball, location: 2F
2-2: Foul Ball, location: 2F
2-2: Foul Ball, location: 2F
2-2: Foul Ball, location: 2F
2-2: Strikes out swinging
Top of the 2nd over - 0 runs, 0 hits, 0 errors, 0 left on base; Wizarding 0 - Toledo 1
BOTTOM OF THE 2ND
Toledo Stingers batting - Pitching for Wizarding Express : RHP Ralph McKinney
Batting: RHB Tamasaburo Kato 0-0: Foul Ball, location: 2F
0-1: Foul Ball, location: 2F
0-2: Ball
1-2: Ball
2-2: Foul Ball, location: 2F
2-2: DOUBLE (Line Drive, 8RXD)
Batting: LHB Rafael Sánchez 0-0: Ball
1-0: Fly out, F9 (Flyball, 89D)
Batting: LHB Ned Durand 0-0: Ball
1-0: Ball
2-0: Called Strike
2-1: Swinging Strike
2-2: Ground out 4-3 (Groundball, 4)
Tamasaburo Kato to third
Batting: SHB Tsing Guao 0-0: Called Strike
0-1: Reached via error on a dropped throw, E3
Tamasaburo Kato scores
Batting: SHB Eugene Clutch 0-0: Foul Ball, location: 2F
0-1: Ball
1-1: Called Strike
1-2: Ball
2-2: SINGLE (Groundball, 3) (infield hit)
Tsing Guao to second
Batting: RHB Héctor Rivera 0-0: Swinging Strike
0-1: Ball
1-1: Swinging Strike
1-2: Ball
2-2: Ball
3-2: Strikes out swinging
Bottom of the 2nd over - 1 run, 2 hits, 1 error, 2 left on base; Wizarding 0 - Toledo 2
TOP OF THE 3RD
Wizarding Express batting - Pitching for Toledo Stingers : RHP Rafael Rodríguez
Batting: LHB David Breitling 0-0: Fly out, F8 (Flyball, 8RS)
Batting: RHB António Martínez 0-0: Swinging Strike
0-1: Ball
1-1: Ball
2-1: Ball
3-1: Base on Balls
Batting: LHB David Holbrook 0-0: Ball
1-0: Ball
2-0: Swinging Strike
2-1: SINGLE (Groundball, 34D)
António Martínez to second
Runner from 2nd tries for 3rd, SAFE, no throw
Batting: LHB José Corona 0-0: Ball
1-0: Swinging Strike
1-1: Ball
2-1: Ball
3-1: Called Strike
3-2: Foul Ball, location: 2F
3-2: Strikes out swinging
Batting: LHB Nathan Tanner 0-0: Ball
1-0: Foul Ball, location: 2F
1-1: Ball
2-1: Ball
3-1: Base on Balls
David Holbrook to second
Batting: SHB Salvador Trevino 0-0: Ball
1-0: Ball
2-0: SINGLE (Line Drive, 6D)
António Martínez scores
David Holbrook to third
Nathan Tanner to second
Runner from 3rd tries for Home, SAFE, no throw
Batting: RHB Ralph Cranford 0-0: Ball
1-0: Swinging Strike
1-1: Foul Ball, location: 2F
1-2: Strikes out swinging
Top of the 3rd over - 2 runs, 2 hits, 0 errors, 2 left on base; Wizarding 2 - Toledo 2
BOTTOM OF THE 3RD
Toledo Stingers batting - Pitching for Wizarding Express : RHP Ralph McKinney
Batting: RHB Armando Alvarado 0-0: Ball
1-0: Foul Ball, location: 2F
1-1: Ball
2-1: SOLO HOME RUN (Flyball, 7LD), Distance : 356 ft
Batting: RHB Alfredo Martínez 0-0: Swinging Strike
0-1: Fly out, F3 (Popup, 3SF)
Batting: LHB Tural Bishara 0-0: Ball
1-0: Ball
2-0: Foul Ball, location: 2F
2-1: Ball
3-1: Foul Ball, location: 2F
3-2: Base on Balls
Batting: RHB Tamasaburo Kato 0-0: Ball
1-0: Called Strike
1-1: Ball
2-1: Ball
3-1: Base on Balls
Tural Bishara to second
Batting: LHB Rafael Sánchez 0-0: Ball
1-0: Ball
2-0: Swinging Strike
2-1: Ball
3-1: Called Strike
3-2: Base on Balls
Tural Bishara to third
Tamasaburo Kato to second
Batting: LHB Ned Durand 0-0: Ball
1-0: Ball
2-0: GRAND SLAM HOME RUN (Flyball, 9LD), Distance : 369 ft
Pitching: LHP Octávio Ríos
Batting: SHB Tsing Guao 0-0: Ball
1-0: Foul Ball, location: 2F
1-1: Ground out 1-3 (Groundball, 13S)
Batting: SHB Eugene Clutch 0-0: Called Strike
0-1: Foul Ball, location: 2F
0-2: Ball
1-2: Foul Ball, location: 2F
1-2: Ball
2-2: Strikes out swinging
Bottom of the 3rd over - 5 runs, 2 hits, 0 errors, 0 left on base; Wizarding 2 - Toledo 7
TOP OF THE 4TH
Wizarding Express batting - Pitching for Toledo Stingers : RHP Rafael Rodríguez
Batting: LHB António Boccanegra 0-0: Ball
1-0: Called Strike
1-1: Ball
2-1: Called Strike
2-2: Foul Ball, location: 2F
2-2: Ball
3-2: Strikes out swinging
Batting: RHB Frank Grimes 0-0: Ground out 5-3 (Groundball, 5)
Batting: LHB David Breitling 0-0: Called Strike
0-1: Foul Ball, location: 2F
0-2: Strikes out swinging
Top of the 4th over - 0 runs, 0 hits, 0 errors, 0 left on base; Wizarding 2 - Toledo 7
BOTTOM OF THE 4TH
Toledo Stingers batting - Pitching for Wizarding Express : LHP Octávio Ríos
Batting: RHB Héctor Rivera 0-0: Called Strike
0-1: Foul Ball, location: 2F
0-2: Ball
1-2: Ball
2-2: Ground out 5-3 (Groundball, 56)
Batting: RHB Armando Alvarado 0-0: Called Strike
0-1: Fly out, F8 (Flyball, 8LXD)
Batting: RHB Alfredo Martínez 0-0: Called Strike
0-1: Ball
1-1: Called Strike
1-2: Ball
2-2: Fly out, F8 (Flyball, 8RD)
Bottom of the 4th over - 0 runs, 0 hits, 0 errors, 0 left on base; Wizarding 2 - Toledo 7
TOP OF THE 5TH
Wizarding Express batting - Pitching for Toledo Stingers : RHP Rafael Rodríguez
Batting: RHB António Martínez 0-0: Ball
1-0: Ground out U3 (Groundball, 34)
Batting: LHB David Holbrook 0-0: Swinging Strike
0-1: Called Strike
0-2: Fly out, F8 (Flyball, 8RXD)
Batting: LHB José Corona 0-0: SINGLE (Line Drive, 7LM)
Batting: LHB Nathan Tanner 0-0: Ball
1-0: Ball
2-0: Fielders Choice at 2nd, 6-4 (Groundball, 6)
Top of the 5th over - 0 runs, 1 hit, 0 errors, 1 left on base; Wizarding 2 - Toledo 7
BOTTOM OF THE 5TH
Toledo Stingers batting - Pitching for Wizarding Express : LHP Octávio Ríos
Batting: LHB Tural Bishara 0-0: Ball
1-0: Foul Ball, location: 2F
1-1: Foul Ball, location: 2F
1-2: Foul Ball, location: 2F
1-2: Strikes out swinging
Batting: RHB Tamasaburo Kato 0-0: Ball
1-0: Foul Ball, location: 2F
1-1: Foul Ball, location: 2F
1-2: Ball
2-2: Ball
3-2: Fly out, F5 (Line Drive, 5)
Batting: LHB Rafael Sánchez 0-0: Ball
1-0: Swinging Strike
1-1: Swinging Strike
1-2: Ball
2-2: Strikes out swinging
Bottom of the 5th over - 0 runs, 0 hits, 0 errors, 0 left on base; Wizarding 2 - Toledo 7
TOP OF THE 6TH
Wizarding Express batting - Pitching for Toledo Stingers : RHP Rafael Rodríguez
Batting: SHB Salvador Trevino 0-0: Ball
1-0: Fly out, F7 (Flyball, 7S)
Batting: RHB Ralph Cranford 0-0: Ball
1-0: Foul Ball, location: 2F
1-1: Ball
2-1: Called Strike
2-2: SINGLE (Line Drive, 8LS)
Batting: LHB António Boccanegra 0-0: Called Strike
0-1: Ball
1-1: Ball
Ralph Cranford steals 2nd base
2-1: Ball
3-1: Called Strike
3-2: SINGLE (Groundball, 34D)
Ralph Cranford to third
Runner from 3rd tries for Home, SAFE, no throw
Batting: RHB Frank Grimes 0-0: Called Strike
0-1: Ball
1-1: Ball
2-1: SINGLE (Groundball, 4D)
António Boccanegra to second
Batting: LHB David Breitling 0-0: Foul Ball, location: 2F
0-1: Foul Ball, location: 2F
0-2: Ball
Wild Pitch!
António Boccanegra to third
Frank Grimes to second
1-2: Ball
2-2: Ball
3-2: Foul Ball, location: 2F
3-2: Fly out, F8 (Flyball, 89D)
Runner from 3rd tags up, OUT at HOME
Top of the 6th over - 1 run, 3 hits, 0 errors, 1 left on base; Wizarding 3 - Toledo 7
BOTTOM OF THE 6TH
Toledo Stingers batting - Pitching for Wizarding Express : LHP Octávio Ríos
Batting: LHB Ned Durand 0-0: Ball
1-0: Ball
2-0: Called Strike
2-1: Ball
3-1: Called Strike
3-2: Base on Balls
Batting: SHB Tsing Guao 0-0: Ball
1-0: Fly out, F7 (Flyball, 7LSF)
Batting: SHB Eugene Clutch 0-0: Called Strike
0-1: Swinging Strike
0-2: Ball
1-2: Ball
2-2: Foul Ball, location: 2F
2-2: Ball
3-2: Strikes out looking
Batting: RHB Héctor Rivera 0-0: Called Strike
0-1: Ball
1-1: Fly out, F4 (Flyball, 34D)
Bottom of the 6th over - 0 runs, 0 hits, 0 errors, 1 left on base; Wizarding 3 - Toledo 7
TOP OF THE 7TH
Wizarding Express batting - Pitching for Toledo Stingers : RHP Rafael Rodríguez
Batting: RHB António Martínez 0-0: Called Strike
0-1: Called Strike
0-2: Ball
1-2: Ball
2-2: Ball
3-2: Strikes out swinging
Batting: LHB David Holbrook 0-0: Foul Ball, location: 2F
0-1: Ball
1-1: Ball
2-1: Ball
3-1: Called Strike
3-2: Foul Ball, location: 2F
3-2: Base on Balls
Pitching: RHP José Macías
Batting: LHB José Corona 0-0: Ball
1-0: Grounds into double play, 4-6-3 (Groundball, 4)
Top of the 7th over - 0 runs, 0 hits, 0 errors, 0 left on base; Wizarding 3 - Toledo 7
BOTTOM OF THE 7TH
Toledo Stingers batting - Pitching for Wizarding Express : LHP Octávio Ríos
Batting: RHB Armando Alvarado 0-0: Ball
1-0: Ball
2-0: Foul Ball, location: 2F
2-1: Ground out 5-3 (Groundball, 5)
Batting: RHB Alfredo Martínez 0-0: Ball
1-0: Ball
2-0: Foul Ball, location: 2F
2-1: SOLO HOME RUN (Flyball, 78XD), Distance : 477 ft
Batting: LHB Tural Bishara 0-0: SINGLE (Flyball, 8LS)
Pitching: RHP Biff Tannen
Batting: RHB Tamasaburo Kato 0-0: DOUBLE (Line Drive, 78D)
Tural Bishara to third
Batting: LHB Rafael Sánchez 0-0: Ball
1-0: Ball
2-0: Called Strike
2-1: Fly out, F9 (Line Drive, 9)
Runner from 3rd tags up, SCORES, throw made
Batting: LHB Ned Durand 0-0: Ball
1-0: Swinging Strike
1-1: Foul Ball, location: 2F
1-2: Strikes out swinging
Bottom of the 7th over - 2 runs, 3 hits, 0 errors, 1 left on base; Wizarding 3 - Toledo 9
TOP OF THE 8TH
Wizarding Express batting - Pitching for Toledo Stingers : RHP José Macías
Batting: LHB Nathan Tanner 0-0: Swinging Strike
0-1: Ball
1-1: Ball
2-1: Ball
3-1: Fly out, F7 (Flyball, 78S)
Batting: SHB Salvador Trevino 0-0: Ball
1-0: Called Strike
1-1: Foul Ball, location: 2F
1-2: Ball
2-2: Strikes out swinging
Batting: RHB Ralph Cranford 0-0: Ball
1-0: Called Strike
1-1: Foul Ball, location: 2F
1-2: Strikes out swinging
Top of the 8th over - 0 runs, 0 hits, 0 errors, 0 left on base; Wizarding 3 - Toledo 9
BOTTOM OF THE 8TH
Toledo Stingers batting - Pitching for Wizarding Express : RHP Biff Tannen
Batting: SHB Tsing Guao 0-0: Called Strike
0-1: Called Strike
0-2: Foul Ball, location: 2F
0-2: Ball
1-2: Ball
2-2: Ground out 4-3 (Groundball, 4)
Batting: SHB Eugene Clutch 0-0: Ball
1-0: Ground out 5-3 (Groundball, 56S)
Batting: RHB Héctor Rivera 0-0: Ball
1-0: Ball
2-0: Ball
3-0: Called Strike
3-1: Foul Ball, location: 2F
3-2: Base on Balls
Batting: RHB Armando Alvarado 0-0: Ball
1-0: Fly out, F5 (Popup, 56S)
Bottom of the 8th over - 0 runs, 0 hits, 0 errors, 1 left on base; Wizarding 3 - Toledo 9
TOP OF THE 9TH
Wizarding Express batting - Pitching for Toledo Stingers : RHP José Macías
Batting: LHB António Boccanegra 0-0: Foul Ball, location: 2F
0-1: Foul Ball, location: 2F
0-2: Ball
1-2: Ball
2-2: Fly out, F5 (Popup, 5SF)
Batting: RHB Frank Grimes 0-0: Swinging Strike
0-1: Swinging Strike
0-2: Strikes out swinging
Batting: LHB David Breitling 0-0: Foul Ball, location: 2F
0-1: Foul Ball, location: 2F
0-2: Strikes out swinging
Top of the 9th over - 0 runs, 0 hits, 0 errors, 0 left on base; Wizarding 3 - Toledo 9
Tuesday, June 12th, 2018 - OOTP Baseball 18.8 Build 76